 Dungeon Crawl Stone Soup version 0.29.1-15-g9cfb28693d (webtiles) character file.

Game seed: 4234437939210168343

202 growler the Ruffian (level 5, -2/40 HPs)
             Began as a Draconian Transmuter on Feb 24, 2023.
             Slain by an orc
             ... wielding a +0 trident
              (6 damage)
             ... on level 4 of the Dungeon.
             The game lasted 00:06:28 (4340 turns).

growler the Ruffian (Draconian Transmuter)          Turns: 4340, Time: 00:06:29

Health: -2/40      AC:  5    Str: 13    XL:     5   Next: 50%
Magic:  8/9        EV: 12    Int: 15    God:
Gold:   80         SH:  0    Dex: 11    Spells: 4/10 levels left

rFire   . . .      SeeInvis .     - Unarmed
rCold   . . .      Faith    .   (no shield)
rNeg    . . .      Spirit   .   (body armour unavailable)
rPois   .          Reflect  .   (helmet restricted)
rElec   .          Harm     .   (no cloak)
rCorr   .          Rampage  .   (no gloves)
Will    .....                   (no boots)
Stlth   +.........              (no amulet)
HPRegen 0.13/turn               (no ring)
MPRegen 0.11/turn               (no ring)

@: confused
A: AC +5, unfitting armour, cold-blooded
a: no special abilities


You were on level 4 of the Dungeon.
You visited 1 branch of the dungeon, and saw 4 of its levels.

You collected 80 gold pieces.

Inventory:

Armour
 d - a +0 cloak
Jewellery
 g - a ring of protection from cold
Wands
 r - a wand of paralysis (4)
Scrolls
 b - a scroll of amnesia {unknown}
 e - a scroll of summoning {unknown}
 f - a scroll of poison {unknown}
 j - 2 scrolls of identify {unknown}
 k - a scroll of teleportation {unknown}
 m - 3 scrolls of vulnerability {unknown}
 n - 4 scrolls of noise {unknown}
 q - a scroll of magic mapping {unknown}
 t - a scroll of butterflies {unknown}
Potions
 a - a potion of lignification
 c - 3 potions of heal wounds {unknown}
 h - 2 potions of curing {unknown}
 i - a potion of resistance {unknown}
 l - a potion of magic {unknown}
 o - 2 potions of haste {unknown}
 p - a potion of flight {unknown}
 s - a potion of cancellation {unknown}


   Skills:
 - Level 1.2 Fighting
 - Level 1.9 Dodging
 + Level 4.5 Unarmed Combat
 - Level 3.0 Spellcasting
 + Level 3.8 Transmutations


You had 4 spell levels left.
You knew the following spells:

 Your Spells              Type           Power      Damage    Failure   Level
a - Beastly Appendage     Tmut           26%        N/A       4%          1
b - Wereblood             Tmut           13%        N/A       6%          2
c - Spider Form           Tmut/Pois      7%         N/A       28%         3

Your spell library contained the following spells:

 Spells                   Type           Power      Damage    Failure   Level
 Portal Projectile        Hex/Tloc       4%         N/A       52%         3
 Tukima's Dance           Hex            2%         N/A       52%         3
 Ice Form                 Ice/Tmut       7%         N/A       67%         4
 Blade Hands              Tmut           6%         N/A       75%         5


Dungeon Overview and Level Annotations

Branches:
Dungeon (4/15)
 Temple: D:4-7

Altars:
Ashenzari
Uskayaw
Yredelemnul


Innate Abilities, Weirdness & Mutations

Your plain brown scales are hard. (AC +5)
You cannot fit into any form of body armour.
You are cold-blooded and may be slowed by cold attacks.


Message History

The orc wizard hits you with a +1 dagger of speed.
The giant cockroach bites you but does no damage.
The orc wizard closely misses you.
You closely miss the orc wizard.
The orc wizard is heavily wounded.
The orc hits you from afar with a +0 trident.
The giant cockroach bites you but does no damage.
The orc wizard hits you with a +1 dagger of speed.
You barely miss the orc wizard.
The orc wizard is heavily wounded.
The giant cockroach closely misses you.
The orc hits you from afar with a +0 trident.
The orc wizard gestures wildly while chanting.
The orc wizard flickers and vanishes!
Deactivating autopickup; reactivate with Ctrl-A.
You completely miss the giant cockroach.
The giant cockroach bites you but does no damage.
The orc hits you from afar with a +0 trident.
* * * LOW HITPOINT WARNING * * *
Something hits you but does no damage. Something hits you.
* * * LOW HITPOINT WARNING * * *
You hit the giant cockroach but do no damage.
The giant cockroach misses you. The orc closely misses you. Something hits you.
* * * LOW HITPOINT WARNING * * *
You hit the giant cockroach.
The giant cockroach is severely wounded.
The giant cockroach barely misses you. The orc closely misses you.
You hear some strange, mumbled words.
You are confused.
The giant cockroach closely misses you.
You bump into the rock wall.
The orc hits you from afar with a +0 trident.
* * * LOW HITPOINT WARNING * * *
Something hits you.
* * * LOW HITPOINT WARNING * * *
The giant cockroach barely misses you.
Unknown command.
You bump into the rock wall.
Something hits you but does no damage.
The orc hits you from afar with a +0 trident.
You die...

## #.. ...# #.#
.#.######.#####
..#.......... #
..........###.#####
....#....B@{o.....
#.#)#..#.###.##.#.
#.#.#...........
#)...........##.# #
##.##########...##
.#####..# ##B
#....†..# ....#####
#.###


You could see an orc and a giant cockroach.

Vanquished Creatures
  A black bear (D:4)
  An orc priest (D:4)
  An adder (D:4)
  An ufetubus (D:4)
  A worm (D:3)
  A dart slug (D:1)
  5 orcs
  3 ball pythons
  2 bats (D:3)
  10 endoplasms
  8 giant cockroaches
  4 goblins
  5 hobgoblins
  4 jackals
  2 quokkas
  A frilled lizard (D:1)
  A kobold (D:2)
  2 rats
53 creatures vanquished.

Notes
Turn   | Place    | Note
-------+----------+-------------------------------------------
     0 | D:1      | growler the Draconian Transmuter began the quest for the
                  | Orb.
     0 | D:1      | Reached XP level 1. HP: 16/16 MP: 3/3
   332 | D:1      | Found a faded altar of an unknown god.
   336 | D:1      | Reached XP level 2. HP: 23/23 MP: 5/5
  1556 | D:2      | Reached XP level 3. HP: 23/28 MP: 6/6
  2236 | D:3      | Found a basalt altar of Yredelemnul.
  2262 | D:3      | Learned a level 2 spell: Wereblood
  2266 | D:3      | Learned a level 3 spell: Spider Form
  2331 | D:3      | Found a hide-covered altar of Uskayaw.
  2609 | D:3      | Found a broken altar of Ashenzari.
  3588 | D:4      | Paralysed by an orc priest for 5 turns
  3599 | D:4      | Reached XP level 4. HP: 11/35 MP: 5/8
  3608 | D:4      | Noticed a bullfrog
  4008 | D:4      | Noticed a black bear
  4016 | D:4      | Killed a black bear
  4017 | D:4      | Reached skill level 4 in Unarmed Combat
  4017 | D:4      | Reached XP level 5. HP: 29/40 MP: 5/9
  4340 | D:4      | Slain by an orc

Illustrated notes

Levels and vault maps discovered:
D:1:      lemuel_arrival_broad_hall, layout_basic,
          chequers_ecumenical_altar_simple_redux
D:2:      layout_loops_ring
D:3:      layout_basic, nicolae_ashenzari_panopticon, mainiacjoe_overflow_paths,
          general_overflow_altar
D:4:      layout_loops_ring, grunt_temple_overflow_magic_moments,
          okawaru_altar_gauntlet_db, grunt_temple_overflow_diamond, minitemple,
          st_stairs_9, kennysheep_generic_room_5

Skill      XL: |  1  2  3  4 |
---------------+-------------+-----
Transmutations | 3 |  3.8
Unarmed Combat | 4 |  4.5
Spellcasting   | 3 |  3.0
Fighting       | |  1.2
Dodging        | |  1.9

Action                   |  1- 3 |  4- 6 || total
-------------------------+-------+-------++-------
Melee: Unarmed           |   188 |    50 ||   238
       Tailslap          |    22 |       ||    22
       Kick              |     3 |       ||     3
       Punch             |     2 |     2 ||     4
 Cast: Beastly Appendage |     3 |       ||     3
       Spider Form       |     2 |     1 ||     3
Evoke: Wand              |       |     5 ||     5
 Stab: Sleeping          |     1 |       ||     1
Armor: Skin              |    69 |    17 ||    86
Dodge: Dodged            |   123 |    46 ||   169
